 Dungeon Crawl Stone Soup version 0.28.0 (webtiles) character file.

Game seed: 8813229656332393641

2212 Dirian the Carver (level 9, -1/78 HPs)
             Began as a Minotaur Fighter on Feb 12, 2022.
             Was a Follower of Okawaru.
             Slain by a centaur (4 damage)
             ... in a bailey.
             The game lasted 00:12:37 (7605 turns).

Dirian the Carver (Minotaur Fighter)                Turns: 7605, Time: 00:12:38

Health: -1/78      AC: 15    Str: 21    XL:     9   Next: 13%
Magic:  0/8        EV:  9    Int:  5    God:    Okawaru [*.....]
Gold:   1006       SH:  5    Dex: 14    Spells: 8/8 levels left

rFire   . . .      SeeInvis .   a - +1 long sword
rCold   . . .      Faith    .   c - +0 buckler
rNeg    . . .      Spirit   +   m - +0 chain mail
rPois   .          Reflect  .   d - +2 hat
rElec   .          Harm     .   (no cloak)
rCorr   .          Rampage  .   s - +2 pair of gloves
Will    .....                   (no boots)
Stlth   ..........              g - amulet of guardian spirit
HPRegen 0.23/turn               (no ring)
MPRegen 0.11/turn               (no ring)

@: no status effects
A: horns 2, retaliatory headbutt
a: Renounce Religion, Heroism


You were in a bailey.
You worshipped Okawaru.
Okawaru was aware of your devotion.
You visited 2 branches of the dungeon, and saw 8 of its levels.
You also visited: Sewer and Bailey.

You collected 1006 gold pieces.

Inventory:

Hand Weapons
 a - a +1 long sword (weapon)
Missiles
 j - 6 javelins (quivered)
 o - 2 boomerangs
Armour
 c - a +0 buckler (worn)
 d - a +2 hat (worn)
 m - a +0 chain mail (worn)
 p - a +0 plate armour
 s - a +2 pair of gloves (worn)
Jewellery
 g - an amulet of guardian spirit (around neck)
 l - a ring of ice
Wands
 e - a wand of iceblast (13)
Scrolls
 b - a scroll of magic mapping
 f - 2 scrolls of fear
 r - 3 scrolls of identify
 t - 3 scrolls of teleportation
 z - a scroll of blinking
Potions
 h - a potion of invisibility {unknown}
 i - 6 potions of mutation
 n - a potion of attraction


   Skills:
 + Level 6.6 Fighting
 * Level 8.4 Long Blades
 * Level 6.1 Throwing
 + Level 5.1 Armour
 + Level 4.9 Dodging
 - Level 5.0 Shields


You had 8 spell levels left.
You didn't know any spells.
Your spell library contained the following spells:

 Spells                   Type           Power      Damage    Failure   Level
 Gell's Gravitas          Tloc           0%         N/A       100%        3
 Lesser Beckoning         Tloc           0%         N/A       100%        3
 Portal Projectile        Hex/Tloc       0%         N/A       100%        3
 Teleport Other           Tloc           0%         N/A       100%        3
 Leda's Liquefaction      Hex/Erth       0%         N/A       100%        4
 Blade Hands              Tmut           0%         N/A       100%        5
 Excruciating Wounds      Necr           0%         N/A       100%        5
 Call Canine Familiar     Summ           Unusable   N/A       N/A         3

Dungeon Overview and Level Annotations

Branches:
Dungeon (7/15)             Temple (1/1) D:5           Sewer (visited)
 Bailey (1/1)

Altars:
Cheibriados
Elyvilon
Fedhas
Gozag
Hepliaklqana
Kikubaaqudgha
Makhleb
Nemelex Xobeh
Okawaru
Qazlal
Ru
Sif Muna
Uskayaw
Vehumet
Yredelemnul
Zin
The Shining One


Innate Abilities, Weirdness & Mutations

You have a pair of horns on your head.
You reflexively headbutt those who attack you in melee.


Message History

The centaur hits you from afar with a +0 trident.
* * * LOW HITPOINT WARNING * * *
You block the orc's attack. The orc hits you but does no damage.
The centaur throws a javelin.
The javelin pierces through you.
* * * LOW HITPOINT WARNING * * *
The orc closely misses you. x2; You furiously retaliate!
You headbutt the orc.
The orc hits you from afar with a +0 spear.
* * * LOW HITPOINT WARNING * * *
You block the orc's attack.
Things that are here:
a +0 halberd; a +0 scale mail; an orc corpse You hit the orc.
You kill the orc!
Okawaru accepts your kill.
The centaur throws a javelin.
The javelin pierces through you.
* * * LOW HITPOINT WARNING * * *
The orc barely misses you. The orc closely misses you.
The orc hits you but does no damage. The orc hits you but does no damage.
You block the centaur's attack.
The orc hits you but does no damage. x2; You block the orc's attack.
Things that are here:
a +0 spear; a +0 scale mail You hit the orc.
The orc is moderately wounded.
The centaur throws a javelin.
The javelin pierces through you but does no damage.
The centaur misses you. The orc hits you but does no damage. x2
The orc hits you with a +0 spear.
* * * LOW HITPOINT WARNING * * *
The orc barely misses you. The centaur barely misses you.
You slash the orc!
You kill the orc!
Okawaru accepts your kill.
The centaur throws a javelin.
The javelin pierces through you!
* * * LOW HITPOINT WARNING * * *
The orc barely misses you.
The centaur throws a javelin.
The javelin closely misses you.
The javelin pierces through the orc.
The orc barely misses you. You block the orc's attack.
The centaur hits you with a +0 trident.
You die...

#.≈.≈.≈≈...≈≈.≈.≈
#.≈.≈.≈.⌠∩⌠.≈.≈.≈
#.≈.≈.≈..∩..≈.≈.≈
#.≈.≈.≈.⌠∩⌠.≈.≈.≈
#.≈.≈)≈≈...≈≈.≈.≈
#.≈.≈≈)≈...≈.≈≈.≈
#.≈≈.≈)≈≈≈≈≈.≈.≈≈
##.≈c≈≈.....≈≈.≈.
#.≈≈@≈≈≈.≈≈≈.≈≈.
#..≈≈))≈.≈..≈≈..
#.⌠o≈≈≈...≈≈≈.⌠.
##..oo≈≈≈≈≈....#
#####oco..#####
#######


You could see 2 centaurs and 5 orcs.

Vanquished Creatures
  Maggie (D:6)
  2 water moccasins
  An orc warrior (D:5)
  An ice beast (D:5)
  A necrophage (D:6)
  A black bear (D:4)
  A sky beast (D:6)
  2 ogres
  A phantom (D:4)
  2 bullfrogs
  2 scorpions
  A water moccasin zombie (D:6)
  A centaur zombie (D:6)
  4 hounds
  A bullfrog zombie (D:5)
  A jelly (D:7)
  3 orc priests (D:5)
  Ijyb (D:5)
  2 iguanas (D:5)
  2 orc wizards (D:5)
  3 gnolls (D:5)
  8 adders
  A river rat (D:4)
  An ufetubus (D:5)
  An adder skeleton (D:4)
  2 worms (D:2)
  4 dart slugs
  22 orcs
  15 endoplasms
  6 giant cockroaches
  12 goblins
  7 hobgoblins
  12 quokkas
  16 ball pythons
  4 bats
  11 frilled lizards
  7 kobolds
  5 rats
168 creatures vanquished.

Notes
Turn   | Place    | Note
-------+----------+-------------------------------------------
     0 | D:1      | Dirian the Minotaur Fighter began the quest for the Orb.
     0 | D:1      | Reached XP level 1. HP: 19/19 MP: 0/0
   202 | D:1      | Reached XP level 2. HP: 26/27 MP: 1/1
   620 | D:2      | Reached skill level 3 in Long Blades
   620 | D:2      | Reached skill level 1 in Dodging
   622 | D:2      | Reached XP level 3. HP: 26/33 MP: 2/2
  1145 | D:2      | Found a blossoming altar of Fedhas.
  1369 | D:2      | Reached XP level 4. HP: 40/40 MP: 3/3
  1772 | D:3      | Found a sacrificial altar of Ru.
  2198 | D:3      | Found a faded altar of an unknown god.
  2594 | D:4      | Noticed an ogre
  2627 | D:4      | Identified a scroll of acquirement
  2627 | D:4      | Acquired 738 gold pieces
  2704 | D:4      | Found a glowing drain.
  2718 | Sewer    | Entered a sewer
  2721 | Sewer    | Reached skill level 4 in Long Blades
  2724 | Sewer    | Reached XP level 5. HP: 47/47 MP: 4/4
  2755 | Sewer    | Reached skill level 1 in Throwing
  3278 | D:4      | Reached XP level 6. HP: 50/53 MP: 5/5
  3645 | D:4      | Reached skill level 5 in Long Blades
  3814 | D:4      | Reached skill level 5 in Armour
  3814 | D:4      | Reached skill level 5 in Shields
  3814 | D:4      | Reached XP level 7. HP: 22/60 MP: 6/6
  4006 | D:4      | Found a basalt altar of Yredelemnul.
  4047 | D:4      | Found an ancient bone altar of Kikubaaqudgha.
  4202 | D:4      | Found a hazy altar of Hepliaklqana.
  4365 | D:5      | Entered Level 5 of the Dungeon
  4411 | D:5      | Reached skill level 5 in Fighting
  4610 | D:5      | Found a glowing silver altar of Zin.
  4749 | D:5      | Reached skill level 6 in Long Blades
  5004 | D:5      | Reached XP level 8. HP: 39/69 MP: 7/7
  5222 | D:5      | Noticed Ijyb
  5233 | D:5      | Killed Ijyb
  5233 | D:5      | HP: 2/70 [poisoned by Ijyb]
  5539 | D:5      | Found a glowing golden altar of the Shining One.
  5626 | D:5      | Found a hide-covered altar of Uskayaw.
  5831 | D:5      | Reached skill level 7 in Long Blades
  5891 | D:5      | Found a staircase to the Ecumenical Temple.
  6416 | Temple   | Entered the Ecumenical Temple
  6661 | Temple   | Became a worshipper of Warmaster Okawaru
  6744 | D:6      | Reached skill level 5 in Throwing
  6907 | D:6      | Noticed Maggie
  6924 | D:6      | Killed Maggie
  6924 | D:6      | Reached * piety under Okawaru
  6927 | D:6      | Reached skill level 8 in Long Blades
  7372 | D:6      | Found a radiant altar of Vehumet.
  7417 | D:6      | Reached XP level 9. HP: 78/78 MP: 8/8
  7551 | D:7      | Found a flagged portal.
  7572 | Bailey   | Entered a bailey
  7604 | Bailey   | HP: 3/78 [centaur/javelin (6)]
  7605 | Bailey   | Slain by a centaur

Illustrated notes

Levels and vault maps discovered:
D:1:      lightli_arrival_boilingwater, layout_basic
D:2:      layout_rooms, basic_altar, minmay_bisected
D:3:      layout_basic, hangedman_ru_absence,
          hellmonk_ecumenical_altar_arch_garden
D:4:      layout_cave_pods, mainiacjoe_overflow_catwalk, old_standard_altar,
          nzn_hepliaklqana_mist_gate, gup_sewer_entry_bubbles, serial_glass,
          glass_columns_b, glass_columns_b
D:5:      layout_layer_cave, tso_oasis_becter,
          nicolae_uskayaw_murder_on_the_dancefloor, zin_academy,
          minmay_temple_entry_statues_fountains, uniq_ijyb
D:6:      layout_gridville, lemuel_tele_altar, uniq_maggie
D:7:      layout_rooms, nicolae_ashenzari_skybound,
          gammafunk_temple_overflow_forgotten, enter_bailey_3,
          chequers_serial_rivers_small_b, palyth_stone_intersect, uniq_pikel
Temple:   jpeg_temple_island
Bailey:   bailey_polearm_flooded_kennysheep, bailey

Skill      XL: |  1  2  3  4  5  6  7  8  9 |
---------------+----------------------------+-----
Long Blades    | 3 4 5 6 8 |  8.4
Dodging        | 1 2 3 4 |  4.9
Shields        | 4 5 |  5.0
Armour         | 4 5 |  5.1
Fighting       | 4 5 6 |  6.6
Throwing       | 2 4 5 6 |  6.1

Action                   |  1- 3 |  4- 6 |  7- 9 || total
-------------------------+-------+-------+-------++-------
Melee: Long sword        |    80 |   190 |   186 ||   456
       Headbutt          |    12 |    19 |    37 ||    68
Evoke: Wand              |       |       |     3 ||     3
  Use: Scroll            |       |     7 |     6 ||    13
       Potion            |       |       |     5 ||     5
Armor: Scale mail        |    27 |    32 |       ||    59
       Chain mail        |       |    67 |   136 ||   203
Dodge: Dodged            |    33 |    70 |    80 ||   183
Block: Buckler           |    21 |    45 |    41 ||   107
